 Dungeon Crawl Stone Soup version 0.31.0 (webtiles) character file.

Game seed: 15145897924637386879

185 Leszczynek the Chopper (level 5, -1/42 HPs)
             Began as a Formicid Cinder Acolyte on Jan 19, 2024.
             Was a High Priest of Ignis.
             Slain by an iguana (10 damage)
             ... on level 5 of the Dungeon.
             The game lasted 00:08:58 (2901 turns).

Leszczynek the Chopper (Formicid Cinder Acolyte)    Turns: 2901, Time: 00:08:58

Health: -1/42      AC:  8    Str: 18    XL:     5   Next: 96%
Magic:  6/6        EV: 10    Int: 14    God:    Ignis [*****.]
Gold:   1052       SH:  0    Dex: 11    Spells: 6/6 levels left

rFire   + . .        a - +0 war axe
rCold   . . .        (no shield)
rNeg    . . .        g - +0 ring mail
rPois   .            (helmet unavailable)
rElec   .            (no cloak)
rCorr   .            (no gloves)
SInv    +            o - +2 pair of boots
Will    +....        (no amulet)
Stlth   +            (no ring)
HPRegen 0.27/turn    (no ring)
MPRegen 0.10/turn

%: no passive effects
@: enlightened, flying
A: permanent stasis, dig shafts and tunnels, antennae 3, four strong arms
a: Dig, Shaft Self, Renounce Religion, Fiery Armour, Foxfire Swarm, Rising Flame


You were on level 5 of the Dungeon.
You worshipped Ignis.
Ignis was extremely pleased with you.
You visited 1 branch of the dungeon, and saw 5 of its levels.

You collected 1052 gold pieces.

Inventory:

Hand Weapons
 a - a +0 war axe (weapon)
 k - a +0 flail
 q - a -1 hand axe of flaming
Missiles
 b - 2 boomerangs
Armour
 e - a +0 plate armour
 g - a +0 ring mail (worn)
 o - a +2 pair of boots (worn)
Wands
 u - a wand of flame (15)
Scrolls
 c - 2 scrolls of blinking {unknown}
 d - a scroll of vulnerability {unknown}
 i - 2 scrolls of teleportation {unknown}
 l - 2 scrolls of fear
 r - a scroll of revelation {unknown}
 t - 3 scrolls of torment {unknown}
Potions
 h - a potion of mutation {!q}
 j - 2 potions of curing {@q1}


   Skills:
 - Level 4.0 Fighting
 * Level 5.7 Axes
 - Level 1.1 Spellcasting
 - Level 3.0 Fire Magic


You had 6 spell levels left.
You didn't know any spells.
Your spell library contained the following spells:

 Spells                   Type           Power      Damage    Failure   Level
 Scorch                   Fire           18%        2d5       21%         2
 Gell's Gravitas          Tloc           0%         N/A       80%         3
 Summon Ice Beast         Ice/Summ       0%         N/A       80%         3
 Teleport Other           Tloc           0%         N/A       80%         3
 Summon Mana Viper        Hex/Summ       0%         N/A       100%        5
 Dispersal                Tloc           0%         N/A       100%        6
 Monstrous Menagerie      Summ           0%         N/A       100%        7


Dungeon Overview and Level Annotations

Branches:
Dungeon (5/15)
 Temple: D:4-7

Altars:
Gozag
Kikubaaqudgha
Vehumet
Wu Jian

Annotations:
D:2 1 runed translucent door, Crazy Yiuf
D:4 Edmund


Innate Abilities, Weirdness & Mutations

You cannot be hasted, slowed, berserked, paralysed or teleported.
You can dig through walls and to a lower floor.
You have a pair of large antennae on your head. (SInv)
Your four strong arms can wield two-handed weapons with a shield.


Message History

The orc wizard is lightly wounded.
The orc wizard barely misses you.
An iguana comes into view.
The orc wizard hits you but does no damage.
You barely miss the orc wizard.
The orc wizard is lightly wounded.
The iguana hisses angrily.
The orc wizard hits you with a +0 dagger.
You hit the orc wizard.
The orc wizard is heavily wounded.
The orc wizard hits you but does no damage.
An orc comes into view. It is wielding a +0 hand axe.
The orc wizard closely misses you.
Unknown command.
It was a potion of ambrosia.
You are confused.
You feel invigorated.
The orc wizard hits you but does no damage.
The orc wizard hits you but does no damage.
Things that are here:
a +0 whip; a +0 short sword; an orc corpse Unknown command.
You barely miss the orc wizard.
The orc wizard is heavily wounded.
You hit the iguana but do no damage.
You feel less invigorated.
You feel less confused.
The orc wizard hits you but does no damage.
The iguana bites you.
Unknown command.
You miss the orc wizard.
The orc wizard is heavily wounded.
You hit the iguana but do no damage. The orc wizard barely misses you.
The iguana bites you.
Unknown command.
You slash the orc wizard!
You kill the orc wizard!
You hit the iguana. The iguana bites you!
* * * LOW HITPOINT WARNING * * *
The iguana bites you!
You die...

####. #... #####.#
#.....# +.....#
#####+##.....#
.......#...).# ,
.......<##.@.#####.#
........####l......#
.............#####.#
............o#
.............#
#####+#......#
........# ........#
....###.#


You could see an iguana and an orc.

Vanquished Creatures
  A howler monkey (D:5)
  An orc priest (D:5)
  A sleepcap (D:5)
  An orc wizard (D:5)
  An adder (D:3)
  2 dart slugs
  A ribbon worm (D:4)
  8 orcs
  7 ball pythons
  4 endoplasms
  2 giant cockroaches
  A goblin (D:1)
  7 hobgoblins
  5 jackals (D:4)
  6 bats
  7 frilled lizards (D:3)
  10 kobolds
  3 rats
68 creatures vanquished.

Notes
Turn   | Place    | Note
-------+----------+-------------------------------------------
     0 | D:1      | Leszczynek the Formicid Cinder Acolyte began the quest for
                  | the Orb.
     0 | D:1      | Reached XP level 1. HP: 18/18 MP: 2/2
   104 | D:1      | Reached XP level 2. HP: 24/24 MP: 3/3
   919 | D:1      | Reached XP level 3. HP: 27/30 MP: 4/4
  1065 | D:2      | Identified a scroll of acquirement
  1097 | D:1      | Acquired 925 gold pieces
  1384 | D:2      | Found a runed translucent door.
  1385 | D:2      | Noticed Crazy Yiuf
  1511 | D:3      | Found an opulent altar of Gozag.
  1841 | D:3      | Found a radiant altar of Vehumet.
  1845 | D:3      | Found an ornate altar of the Wu Jian Council.
  1845 | D:3      | Found an ancient bone altar of Kikubaaqudgha.
  1904 | D:3      | Reached skill level 4 in Axes
  1979 | D:3      | Reached skill level 4 in Fighting
  1979 | D:3      | Reached XP level 4. HP: 28/37 MP: 5/5
  2451 | D:4      | Noticed Edmund
  2857 | D:5      | Entered Level 5 of the Dungeon
  2875 | D:5      | Reached skill level 5 in Axes
  2875 | D:5      | Reached XP level 5. HP: 28/42 MP: 6/6
  2901 | D:5      | Slain by an iguana

Illustrated notes

Levels and vault maps discovered:
D:1:      eino_arrival_tree_alley, layout_basic
D:2:      layout_rooms, uniq_crazy_yiuf_cottage
D:3:      layout_basic, chequers_temple_overflow_statue_of_worship
D:4:      cheibrodos_helix_gallery, layout_loops_ring, uniq_edmund
D:5:      layout_basic, minmay_temple_entry_fiery, roderic_lattice_a

Skill      XL: |  1  2  3  4 |
---------------+-------------+-----
Axes           | 4 5 |  5.7
Fighting       | 4 |  4.0
Spellcasting   | |  1.1
Fire Magic     | |  3.0

Action                     |  1- 3 |  4- 6 || total
---------------------------+-------+-------++-------
  Melee: Hand axe          |   118 |     4 ||   122
         Punch             |     1 |     1 ||     2
         War axe           |       |    94 ||    94
Ability: Dig               |     1 |       ||     1
    Use: Scroll            |     5 |     4 ||     9
         Potion            |       |     5 ||     5
 Armour: Leather armour    |    27 |       ||    27
         Robe              |     3 |       ||     3
         Ring mail         |    48 |    85 ||   133
  Dodge: Dodged            |    80 |    57 ||   137
